General information
- name: BNet
- type: Ladder team game (AT/RT)
- host: Battle.net
- saver: 2xbackwrdzgldr
map: Monsoon
- players: 6
- length: 06:44
- speed: Fast
- version: 1.24 W3XP
- replay type: Public
» download(43 KB)
Players
team 1 (loser)
S0ulbrothers (
yellow | 37 APM | 242 actions | 06:35)
2 Far Seer
1 Feral Spirit
1 Chain Lighting
» actions
| Build / train | 18 | |
| Enter build submenu | 9 | |
| Enter hero's abilities submenu | 2 | |
| Remove unit from queue | 1 | |
| Right click | 102 | |
| Select / deselect | 98 | |
| Use ability | 12 | |
242 total
» units
» buildings
| Altar of Storms | 1 | |
| Barracks | 1 | |
| Orc Burrow | 4 | |
| Voodoo Lounge | 1 | |
7 total
» build order
00:03 Altar of Storms
00:06 Barracks
00:23 Orc Burrow
01:43 Orc Burrow
02:36 Orc Burrow
02:41 Voodoo Lounge
03:46 Orc Burrow
SoulBr0thers (
teal | 32 APM | 212 actions | 06:41)
2 Keeper of the Grove
1 Force of Nature
1 Thorns Aura
» actions
| Assign group hotkey | 2 | |
| Build / train | 22 | |
| Enter build submenu | 8 | |
| Enter hero's abilities submenu | 2 | |
| Right click | 68 | |
| Select / deselect | 64 | |
| Select group hotkey | 31 | |
| Use ability | 15 | |
212 total
» units
» buildings
| Altar of Elders | 1 | |
| Moon Well | 3 | |
| Ancient of War | 2 | |
| Hunter's Hall | 1 | |
| Tree of Ages | 1 | |
| Ancient Protector | 1 | |
9 total
» build order
00:06 Altar of Elders
00:08 Moon Well
00:56 Ancient of War
01:51 Moon Well
02:48 Moon Well
03:46 Ancient of War
04:05 Hunter's Hall
05:14 Tree of Ages
05:28 Ancient Protector
SoulBrothers (
red | 57 APM | 378 actions | 06:37)
2 Archmage
1 Summon Water Elemental
1 Brilliance Aura
» actions
| Basic commands | 1 | |
| Build / train | 21 | |
| ESC pressed | 1 | |
| Enter build submenu | 11 | |
| Enter hero's abilities submenu | 2 | |
| Remove unit from queue | 1 | |
| Right click | 157 | |
| Select / deselect | 160 | |
| Use ability | 24 | |
378 total
» units
» upgrades
» buildings
| Altar of Kings | 1 | |
| Barracks | 1 | |
| Farm | 6 | |
| Arcane Vault | 1 | |
9 total
» build order
00:05 Altar of Kings
00:07 Barracks
00:12 Farm
00:49 Farm
01:34 Farm
02:14 Farm
02:30 Arcane Vault
02:53 Farm
03:53 Farm
» items
| Scroll of Regeneration | 1 | |
| Lesser Clarity Potion | 2 | |
3 total
team 2 (winner)
2xbackwrdzgldr (
purple | 89 APM | 601 actions | 06:44)
3 Archmage
2 Summon Water Elemental
1 Brilliance Aura
» actions
| Assign group hotkey | 82 | |
| Basic commands | 19 | |
| Build / train | 45 | |
| Enter build submenu | 12 | |
| Enter hero's abilities submenu | 3 | |
| Remove unit from queue | 3 | |
| Right click | 181 | |
| Select / deselect | 102 | |
| Select group hotkey | 108 | |
| Use ability | 46 | |
601 total
» units
» upgrades
» buildings
| Altar of Kings | 1 | |
| Farm | 3 | |
| Lumber Mill | 1 | |
| Scout Tower | 6 | |
| Guard Tower | 8 | |
| Keep | 4 | |
23 total
» build order
00:01 Altar of Kings
00:04 Farm
01:08 Lumber Mill
01:19 Farm
02:38 Farm
04:49 Scout Tower
04:49 Scout Tower
04:50 Scout Tower
05:16 Guard Tower
05:16 Guard Tower
05:17 Guard Tower
05:18 Guard Tower
05:19 Guard Tower
05:19 Guard Tower
05:43 Scout Tower
05:44 Scout Tower
05:45 Scout Tower
06:37 Keep
06:37 Keep
06:37 Keep
glitchstep (
orange | 116 APM | 781 actions | 06:42)
3 Archmage
2 Summon Water Elemental
1 Brilliance Aura
» actions
| Assign group hotkey | 80 | |
| Basic commands | 13 | |
| Build / train | 39 | |
| Enter build submenu | 30 | |
| Enter hero's abilities submenu | 3 | |
| Remove unit from queue | 1 | |
| Right click | 290 | |
| Select / deselect | 247 | |
| Select group hotkey | 24 | |
| Use ability | 54 | |
781 total
» units
» upgrades
» buildings
| Altar of Kings | 1 | |
| Barracks | 1 | |
| Farm | 4 | |
| Lumber Mill | 1 | |
| Scout Tower | 10 | |
| Guard Tower | 9 | |
| Keep | 1 | |
| Town Hall | 1 | |
28 total
» build order
00:05 Altar of Kings
00:17 Barracks
00:30 Farm
01:34 Farm
01:56 Lumber Mill
02:17 Farm
03:07 Scout Tower
03:12 Farm
03:35 Guard Tower
03:36 Guard Tower
04:21 Scout Tower
04:44 Scout Tower
04:44 Scout Tower
04:45 Scout Tower
04:46 Scout Tower
04:48 Scout Tower
04:52 Guard Tower
04:52 Guard Tower
05:19 Guard Tower
05:25 Scout Tower
05:38 Keep
05:55 Guard Tower
05:55 Guard Tower
05:55 Guard Tower
06:18 Scout Tower
06:21 Scout Tower
06:39 Town Hall
TIMG4STRok (
green | 69 APM | 461 actions | 06:42)
2 Keeper of the Grove
1 Force of Nature
1 Thorns Aura
» actions
| Assign group hotkey | 11 | |
| Basic commands | 9 | |
| Build / train | 24 | |
| ESC pressed | 1 | |
| Enter build submenu | 10 | |
| Enter hero's abilities submenu | 2 | |
| Right click | 242 | |
| Select / deselect | 66 | |
| Select group hotkey | 72 | |
| Use ability | 24 | |
461 total
» units
» buildings
| Moon Well | 4 | |
| Tree of Life | 1 | |
| Altar of Elders | 1 | |
| Hunter's Hall | 1 | |
| Ancient of War | 2 | |
9 total
» build order
00:20 Moon Well
01:43 Tree of Life
01:56 Altar of Elders
02:00 Hunter's Hall
02:27 Ancient of War
02:57 Ancient of War
03:03 Moon Well
03:23 Moon Well
05:43 Moon Well
Chat log
(00:15 / Allies) TIMG4STRok: hoping for tha
(00:26 / Allies) glitchstep: i snack a barrack again
(00:36 / Allies) TIMG4STRok: barracks obama
(00:42 / Allies) TIMG4STRok: shane lumb
(00:46 / Allies) TIMG4STRok: 55
(00:49 / Allies) TIMG4STRok: ty
(00:56 / Allies) 2xbackwrdzgldr: i always give after altar
(01:00 / Allies) 2xbackwrdzgldr: so CHIL
(01:48 / Allies) TIMG4STRok: hope it works
(01:51 / Allies) TIMG4STRok: nowhere to place on bot
(02:01 / Allies) glitchstep: "k" k
(02:17 / Allies) TIMG4STRok: this gonna be funny fite
(03:03 / Allies) glitchstep: these greens are insidiously hard
(03:10 / Allies) TIMG4STRok: it almost up
(03:12 / Allies) 2xbackwrdzgldr: you gotta make em not purge your wele
(03:14 / Allies) 2xbackwrdzgldr: i forget how
(03:16 / Allies) TIMG4STRok: get ready get freddy get set
(03:36 / Allies) TIMG4STRok: 75hp
(03:39 / Allies) TIMG4STRok: 50
(03:42 / Allies) TIMG4STRok: 25
(03:50 / Allies) TIMG4STRok: aim above farms
(03:52 / Allies) glitchstep: lmk when
(03:54 / Allies) glitchstep: kk
(03:54 / Allies) TIMG4STRok: go
(03:55 / Allies) TIMG4STRok: go
(04:07 / Allies) TIMG4STRok: above
(04:09 / Allies) TIMG4STRok: fucking retarded shane
(04:10 / Allies) 2xbackwrdzgldr: wouldn't go
(04:13 / Allies) 2xbackwrdzgldr: i tried
(06:06 / Allies) glitchstep: good tower wall
(06:27 / Allies) TIMG4STRok: you expo
(06:29 / Allies) TIMG4STRok: my tol die
(06:30 / Allies) glitchstep: sick.
(06:31 / Allies) glitchstep: gimme some lum
(06:33 / Allies) 2xbackwrdzgldr: mata u got
(06:33 / Allies) glitchstep: im teching. gimme lum